 Dungeon Crawl Stone Soup version 0.21.1-1-g345015f (webtiles) character file.

195 Fang the Skirmisher (level 5, -1/51 HPs)
             Began as a Gargoyle Berserker on May 7, 2018.
             Was a Priest of Trog.
             Slain by an ice beast (3 damage)
             ... on level 4 of the Dungeon.
             The game lasted 00:03:08 (2414 turns).

Fang the Skirmisher (Gargoyle Berserker)            Turns: 2414, Time: 00:03:09

Health: -1/51      AC:  8    Str: 26    XL:     5   Next: 74%
Magic:  5/5        EV: 12    Int:  8    God:    Trog [***...]
Gold:   169        SH:  0    Dex:  9    Spells: 4/4 levels left

rFire    . . .     SeeInvis +   a - +0 hand axe
rCold    . . .     Gourm    .   (no shield)
rNeg     + . .     Faith    .   b - +0 animal skin
rPois    ∞         Spirit   .   (no helmet)
rElec    +         Reflect  .   k - scarf {cloud immunity}
rCorr    .         Harm     .   (no gloves)
MR       .....                  u - +1 pair of boots
Stlth    ..........             (no amulet)
HPRegen  0.17/turn              f - ring of see invisible
MPRegen  0.09/turn              (no ring)

@: berserking, starving, very quick
A: negative energy resistance 1, electricity resistance, unbreathing,
petrification resistance, rot immunity, AC +4
a: Berserk, Trog's Hand, Burn Spellbooks, Renounce Religion


You were on level 4 of the Dungeon.
You worshipped Trog.
Trog was most pleased with you.
You were starving.

You visited 1 branch of the dungeon, and saw 4 of its levels.

You collected 169 gold pieces.

Inventory:

Hand Weapons
 a - a +0 hand axe (weapon)
Armour
 b - a +0 animal skin (worn)
 k - a scarf of cloud immunity (worn)
 u - a +1 pair of boots (worn)
Jewellery
 f - a ring of see invisible (left hand)
 r - a cursed amulet of inaccuracy {unknown}
Wands
 s - a wand of paralysis (9)
Scrolls
 e - a scroll of noise {unknown}
 g - a scroll of magic mapping {unknown}
 h - 4 scrolls of remove curse {unknown}
 i - a scroll of random uselessness {unknown}
 j - 4 scrolls of teleportation {unknown}
 m - 4 scrolls of identify {unknown}
 q - a scroll of enchant armour {unknown}
Potions
 d - 2 potions of degeneration {unknown}
 l - a potion of mutation {unknown}
 n - 2 potions of agility {unknown}
 o - 2 potions of flight {unknown}
 p - a potion of curing {unknown}
 t - a potion of magic {unknown}
Comestibles
 c - 6 rations


   Skills:
 + Level 4.7 Fighting
 + Level 4.1 Axes
 + Level 2.3 Armour
 + Level 2.4 Dodging
 + Level 1.1 Stealth


You had 4 spell levels left.
You didn't know any spells.

Dungeon Overview and Level Annotations

Branches:
Dungeon (4/15)
 Temple: D:4-7

Altars:
Ashenzari
Makhleb
Vehumet
Yredelemnul
The Shining One


Innate Abilities, Weirdness & Mutations

You are resistant to torment.
Your stone body is resilient. (AC +4)
You are immune to poison.
You resist negative energy. (rN+)
You are resistant to electric shocks. (rElec)
You can survive without breathing.
You are immune to petrification.
You are immune to rotting.


Message History

You are too injured to fight recklessly!
A red film seems to cover your vision as you go berserk!
You feel yourself moving faster!
You feel mighty!
You are starving!
The ice beast misses you.
You completely miss the ice beast.
The ice beast is moderately wounded.
The ice beast barely misses you.
You hit the ice beast but do no damage.
The ice beast is moderately wounded.
You hit the ice beast.
The ice beast is heavily wounded.
The ice beast hits you.
* * * LOW HITPOINT WARNING * * *
The ice beast freezes you!
* * * LOW HITPOINT WARNING * * *
You slash the ice beast!
The ice beast is almost dead.
The ice beast hits you.
You die...

##.#.##.#
#.##
###.###>..#
#.##
..##.#.####
..# #.###.##
#.# #.# #.#
#.# #.# #.#
#.#
#######.###.#
#.....Y@....#
#############


You could see an ice beast.

Vanquished Creatures
  A crimson imp (D:4)
  8 adders
  2 worms
  2 dart slugs (D:2)
  4 leopard geckos
  5 orcs (D:3)
  7 bats
  7 giant cockroaches
  9 goblins
  7 hobgoblins
  2 ball pythons
  2 frilled lizards (D:2)
  7 kobolds
  7 rats
70 creatures vanquished.

Notes
Turn   | Place    | Note
-------+----------+-------------------------------------------
     0 | D:1      | Fang the Gargoyle Berserker began the quest for the Orb.
     0 | D:1      | Reached XP level 1. HP: 14/14 MP: 1/1
   196 | D:1      | Reached XP level 2. HP: 17/19 MP: 2/2
   706 | D:1      | Reached XP level 3. HP: 23/24 MP: 3/3
   707 | D:1      | Reached ** piety under Trog
  1048 | D:2      | Found a glowing golden altar of the Shining One.
  1133 | D:2      | Reached XP level 4. HP: 27/29 MP: 4/4
  1205 | D:2      | Found a shattered altar of Ashenzari.
  1211 | D:2      | Found a basalt altar of Yredelemnul.
  1237 | D:2      | Found a burning altar of Makhleb.
  1237 | D:2      | Found a radiant altar of Vehumet.
  1469 | D:2      | Reached XP level 5. HP: 28/34 MP: 5/5
  1512 | D:2      | Reached skill level 1 in Stealth
  1895 | D:3      | Reached *** piety under Trog
  2403 | D:4      | Noticed an ice beast
  2413 | D:4      | HP: 1/51 [ice beast (10)]
  2414 | D:4      | Slain by an ice beast

Skill      XL: |  1  2  3  4  5 |
---------------+----------------+-----
Axes           | 3 4 |  4.1
Fighting       | 4 |  4.7
Dodging        | 2 |  2.4
Stealth        | 1 |  1.1
Armour         | |  2.3

Action                   |  1- 3 |  4- 6 || total
-------------------------+-------+-------++-------
Melee: Hand axe          |   118 |   200 ||   318
Invok: Berserk           |       |     2 ||     2
 Stab: Sleeping          |     1 |     2 ||     3
  Eat: Chunk             |       |     5 ||     5
Armor: Animal skin       |    55 |    78 ||   133
Dodge: Dodged            |    81 |   158 ||   239
